cohdb
Replays
Latest Replays
All Replays
Popular Replays
Top Player Replays
Match Explorer
How It Works
Community
CoH3 Stats
Reddit
Sign in to upload your games and track your stats! →
Sign in with Steam
Match 45724393
Unlisted
Match 45724393
Overview
Messages
Build Orders
End
Construct Infanterie Kompanie
Selects Mechanized Battlegroup
MG 42 Machine Gun Team
Grenadier Squad
Grenadier Squad
Grenadier Squad
Construct Luftwaffe Kompanie
221 Scout Car
Support Elements
Medical Station
Selects Raid Package
Selects StuG Assault Group
MG 42 Machine Gun Team
StuG Assault Group
Pioneer Squad
Marder III M Tank Destroyer
StuG Assault Group
Luftwaffe Officer Quarters
Marder III M Tank Destroyer
Selects Panther Heavy Tank
Panther Heavy Tank
Selects Spotting Scopes
Selects Wespe Self-propelled Artillery
Selects Zeroing Artillery Barrage
위험지역 총알택시
Seocheon
smallNhii
Master_Baiter
0
0
Comments
sign in to comment!
No comments posted yet!